[Event "fics rated crazyhouse match"]
[Site "fics, Oklahoma City, OK USA"]
[Date "2000.01.14"]
[White "ChessBritiania"]
[WhiteElo "2067"]
[Black "LSS"]
[BlackElo "2424"]
[TimeControl "180+0"]
[Result "1-0"]

1. e4 e6 2. Nc3 Nc6 3. Nf3 Nf6 4. Bb5 Be7 5. d3 O-O 6. Be3 
a6 7. Ba4 b5 8. Bb3 Bb7 9. Ne2 d6 10. Ng3 e5 11. Ng5 Qe8 
12. Nf5 Nd8 13. Qf3 h6 14. Nxe7+ Qxe7 15. Nxf7 Nxf7 16. P@g6 Kh8 17. gxf7 
N@h4 18. Qh3 N@g6 19. N@f5 Nxf5 20. exf5 N@f4 21. Bxf4 Nxf4 22. Qg3 B@h5 
23. N@h4 Nxg2+ 24. Qxg2 Bxg2 25. N@g6+ Kh7 26. Nxf8+ Qxf8 27. B@g6+ Kh8 28. R@g8+ 
Nxg8 29. fxg8=Q+ Qxg8 30. Bxh5 P@d2+ 31. Kxd2 Q@g5+ 32. B@e3 Qxh4 33. N@g6+ Kh7 
34. Nxh4 N@c4+ 35. Bxc4 bxc4 36. P@g6+ Kh8 37. Q@h7+ Qxh7 38. gxh7 B@a5+ 39. N@c3 
N@e4+ 40. dxe4 R@e2+ 41. Kxe2 Q@d3+ 42. cxd3 cxd3+ 43. Kd2 Bxc3+ 44. bxc3 N@c4+ 
45. Kxd3 
{LSS forfeits on time} 1-0

[Event "fics rated crazyhouse match"]
[Site "fics, Oklahoma City, OK USA"]
[Date "2000.01.14"]
[White "LSS"]
[WhiteElo "2410"]
[Black "ChessBritiania"]
[BlackElo "2081"]
[TimeControl "180+0"]
[Result "1-0"]

1. e4 Nc6 2. d4 Nf6 3. Nc3 e6 4. e5 Nd5 5. Nxd5 exd5 6. Nf3 
d6 7. Bb5 Bd7 8. Qe2 Be7 9. exd6 cxd6 10. N@h5 N@e6 11. Bxc6 bxc6 
12. P@f5 P@e4 13. fxe6 Bxe6 14. Nxg7+ Kd7 15. Nxe6 fxe6 16. B@h3 B@f7 17. N@g5 
Bxg5 18. Nxg5 Qe7 19. Nxf7 Qxf7 20. N@g5 Qe7 21. Nxe6 Ke8 22. P@g7 Rg8 
23. B@h5+ P@g6 24. Bxg6+ hxg6 25. P@h7 Rxg7 26. h8=Q+ B@f8 27. Nxg7+ Qxg7 28. Qxg7 
Bxg7 
{ChessBritiania resigns} 1-0

[Event "fics rated crazyhouse match"]
[Site "fics, Oklahoma City, OK USA"]
[Date "2000.01.14"]
[White "ChessBritiania"]
[WhiteElo "2079"]
[Black "LSS"]
[BlackElo "2412"]
[TimeControl "180+0"]
[Result "0-1"]

1. e4 e6 2. Nc3 Nc6 3. Nf3 Bb4 4. Bb5 Nf6 5. d3 a6 6. Ba4 
b5 7. Bb3 Bb7 8. Be3 Be7 9. Ne2 d5 10. e5 Ng4 11. d4 Nxe3 
12. fxe3 B@h6 13. N@g4 Bhg5 14. Ng3 h5 15. Nxg5 Bxg5 16. B@f4 hxg4 17. Bxg5 
Qxg5 18. B@f4 Qg6 19. Bxd5 exd5 20. P@f5 B@a5+ 21. c3 Qh7 22. Qxg4 N@c2+ 
23. Kf2 Nxa1 24. P@g6 R@c2+ 25. Ne2 N@e4+ 26. Kf1 Qg8 27. gxf7+ Qxf7 28. e6 
Qe7 29. P@d7+ Kd8 30. b4 P@d3 31. bxa5 dxe2+ 32. Qxe2 Rxe2 33. B@g3 Q@d1# 
{ChessBritiania resigns} 0-1

[Event "fics rated crazyhouse match"]
[Site "fics, Oklahoma City, OK USA"]
[Date "2000.01.14"]
[White "LSS"]
[WhiteElo "2414"]
[Black "TheSnowman"]
[BlackElo "2154"]
[TimeControl "180+0"]
[Result "0-1"]

1. e4 e6 2. d4 Nf6 3. e5 Nd5 4. Nf3 d6 5. Bc4 Nc6 6. Bxd5 
exd5 7. O-O B@e4 8. Re1 dxe5 9. Nxe5 Nxe5 10. dxe5 P@h3 11. N@g5 hxg2 
12. Nxe4 dxe4 13. B@a4+ P@c6 14. Qe2 N@f3+ 15. Kxg2 Nxe1+ 16. Qxe1 Qh4 17. N@g5 
R@g6 18. P@g3 Rxg5 19. Bxg5 Bh3+ 20. Kh1 Qxg5 21. P@g2 Bxg2+ 22. Kxg2 B@f3+ 
23. Kf1 P@g2# 
{LSS resigns} 0-1

[Event "fics rated crazyhouse match"]
[Site "fics, Oklahoma City, OK USA"]
[Date "2000.01.14"]
[White "TheSnowman"]
[WhiteElo "2167"]
[Black "LSS"]
[BlackElo "2401"]
[TimeControl "180+0"]
[Result "0-1"]

1. e4 Nf6 2. Nc3 d5 3. e5 Ne4 4. d3 Nxc3 5. bxc3 Nc6 6. d4 
Bf5 7. N@e3 e6 8. Nxf5 exf5 9. Bb5 Be7 10. Bf4 N@e4 11. B@d2 N@e6 
12. Bg3 h5 13. Nf3 h4 14. Bgf4 Nxf4 15. Bxf4 Nxc3 16. Qd3 Nxb5 17. Qxb5 
B@c3+ 18. N@d2 Bxa1 19. O-O B@a6 20. Qa4 Bxf1 21. Nxf1 P@e2 22. B@b5 exf1=Q+ 
23. Bxf1 R@b1 24. N@d2 N@e2+ 25. Kh1 Rd1 26. Qb5 Nxf4 27. Qxb7 B@d7 28. P@e3 
Nxg2 29. Kxg2 h3+ 30. Kg1 P@g2 31. P@b5 R@h1# 
{TheSnowman checkmated} 0-1

[Event "fics rated crazyhouse match"]
[Site "fics, Oklahoma City, OK USA"]
[Date "2000.01.14"]
[White "LSS"]
[WhiteElo "2404"]
[Black "TheSnowman"]
[BlackElo "2164"]
[TimeControl "180+0"]
[Result "1-0"]

1. e4 e6 2. Nf3 Nf6 3. e5 Nd5 4. Nc3 d6 5. Bc4 dxe5 6. Bxd5 
exd5 7. Nxe5 P@f6 8. Nxf7 Kxf7 9. d4 Bb4 10. O-O Bxc3 11. bxc3 Re8 
12. B@f3 Kg8 13. P@h6 gxh6 14. Bxh6 N@f5 15. Bc1 P@g7 16. N@h5 B@f7 17. Ng3 
Nh4 18. P@h6 Nxf3+ 19. Qxf3 B@g4 20. Qe3 Rxe3 21. Bxe3 N@e2+ 22. Nxe2 Bxe2 
23. hxg7 Bxf1 24. N@h6+ Kxg7 25. N@f5+ Bxf5 26. Nxf5+ Kg6 27. R@g7+ Kxf5 28. B@g4+ 
Ke4 29. P@f3# 
{TheSnowman checkmated} 1-0

[Event "fics rated crazyhouse match"]
[Site "fics, Oklahoma City, OK USA"]
[Date "2000.01.14"]
[White "Oddyseus"]
[WhiteElo "2163"]
[Black "Firefly"]
[BlackElo "2488"]
[TimeControl "120+0"]
[Result "0-1"]

1. e4 e6 2. Nc3 Nc6 3. d4 Bb4 4. Nf3 Nf6 5. Bd3 d5 6. e5 
Ne4 7. Bd2 Nxf2 8. Kxf2 Nxd4 9. Rf1 Bc5 10. Kg1 Nxf3+ 11. Kh1 Nxd2 
12. Qxd2 B@e3 13. Qe2 N@f2+ 14. Rxf2 Bxf2 15. N@h5 Qh4 16. Nxg7+ Kd8 17. N@h3 
Qxh3 18. gxh3 P@g2+ 19. Kxg2 N@h4+ 20. Kh1 P@g2# 
{Oddyseus checkmated} 0-1

[Event "fics rated crazyhouse match"]
[Site "fics, Oklahoma City, OK USA"]
[Date "2000.01.14"]
[White "Firefly"]
[WhiteElo "2490"]
[Black "Oddyseus"]
[BlackElo "2161"]
[TimeControl "120+0"]
[Result "1-0"]

1. e4 e6 2. Nc3 Ne7 3. d4 d5 4. e5 Nf5 5. Nge2 Be7 6. Ng3 
Nc6 7. Nxf5 exf5 8. Be2 N@e4 9. N@f4 Nxc3 10. bxc3 N@e4 11. Bd2 Bg5 
12. N@h3 Bxf4 13. Nxf4 Nxd2 14. Qxd2 N@e4 15. Qd3 B@d2+ 16. Qxd2 Nxd2 17. Kxd2 
Qe7 18. N@h5 f6 19. B@h4 Nxd4 20. cxd4 P@c3+ 21. Ke1 Bd7 22. N@f3 Q@b2 
23. Rd1 Qxc2 24. B@d3 P@d2+ 25. Kf1 Qxd1+ 26. Bxd1 R@c1 27. N@e3 Ba4 28. Q@e2 
Bxd1 29. Nxd1 B@a4 30. B@b5+ Bxb5 31. Bxb5+ B@c6 32. B@a4 Bxb5 33. Bxb5+ B@c6 
34. Bxf6 gxf6 35. Nxf6+ Kd8 36. Bxc6 bxc6 37. B@a4 B@c4 38. P@d3 B@b5 39. Bxb5 
Bxb5 40. B@b3 B@a4 41. B@c2 Bxb3 42. Bxb3 B@a4 43. P@b7 Bxb3 44. bxa8=Q+ B@c8 
45. Qxc8+ Kxc8 46. B@b7+ Kxb7 47. B@a6# 
{Oddyseus forfeits on time} 1-0

[Event "fics rated crazyhouse match"]
[Site "fics, Oklahoma City, OK USA"]
[Date "2000.01.14"]
[White "LSS"]
[WhiteElo "2407"]
[Black "Firefly"]
[BlackElo "2492"]
[TimeControl "180+0"]
[Result "0-1"]

1. e4 e6 2. d4 Nc6 3. Nf3 Nf6 4. Bd3 d5 5. e5 Ne4 6. O-O 
Be7 7. Nbd2 f5 8. exf6 Nxf6 9. Bb5 O-O 10. Bxc6 bxc6 11. Ne5 B@e8 
12. Ndf3 Ne4 13. N@h5 Bxh5 14. Nxc6 Qe8 15. Nxe7+ Qxe7 16. B@e2 N@f5 17. P@h3 
Bxf3 18. gxf3 P@g2 19. Re1 Nxf2 20. Kxf2 P@e3+ 21. Bxe3 Nxe3 22. Kxe3 N@f5+ 
23. Kf2 B@e3+ 24. Kxg2 N@f4+ 25. Kh1 Nxh3 26. Rf1 Bxd4 27. B@g3 P@g2+ 28. Kxg2 
Ne3+ 29. Kxh3 Nxd1 30. Raxd1 e5+ 31. P@g4 P@f4 32. N@c6 Qf6 33. N@h5 Qh6 
34. N@e7+ Kh8 35. Bh4 Qxh5 36. Nxc8 Qxh4+ 37. Kxh4 B@f2+ 38. P@g3 Bxg3+ 39. hxg3 
Q@h2+ 40. Q@h3 N@g2+ 41. Kg5 P@h6+ 42. Kh5 Qxh3+ 43. B@h4 Q@g6# 
{LSS checkmated} 0-1

[Event "fics rated crazyhouse match"]
[Site "fics, Oklahoma City, OK USA"]
[Date "2000.01.14"]
[White "Firefly"]
[WhiteElo "2498"]
[Black "LSS"]
[BlackElo "2401"]
[TimeControl "180+0"]
[Result "0-1"]

1. e4 e6 2. d4 d5 3. exd5 exd5 4. Nf3 Nf6 5. Ne5 Nbd7 6. Nxf7 
Kxf7 7. P@e5 Bb4+ 8. Bd2 Bxd2+ 9. Nxd2 Re8 10. Be2 Ne4 11. Nxe4 dxe4 
12. B@d5+ P@e6 13. Bxe4 B@g6 14. Bh5 N@f4 15. Bexg6+ hxg6 16. Qf3 B@h6 17. Bxg6+ 
Kxg6 18. B@e4+ B@f5 19. Bxf5+ exf5 20. P@e3 N@h4 21. Qg3+ B@g4 22. exf4 Bxf4 
23. Qxg4+ fxg4 24. B@e4+ P@f5 25. N@e2 Bxe5 26. dxe5 P@d2+ 27. Kf1 Nxe5 28. N@f4+ 
Kh7 29. B@d5 fxe4 30. P@f7 Nxf7 31. P@g3 P@f3 32. gxh4 fxe2+ 33. Nxe2 Qxd5 
34. P@g6+ Kh8 35. B@c3 d1=Q+ 36. N@e1 Qxe2+ 37. Kxe2 P@f3+ 38. gxf3 exf3+ 39. Kf1 
P@g2+ 40. Kg1 N@h3# 
{Firefly checkmated} 0-1

[Event "fics rated crazyhouse match"]
[Site "fics, Oklahoma City, OK USA"]
[Date "2000.01.14"]
[White "Firefly"]
[WhiteElo "2478"]
[Black "LSS"]
[BlackElo "2421"]
[TimeControl "180+0"]
[Result "1-0"]

1. e4 e6 2. Nc3 Nc6 3. d4 Nge7 4. d5 exd5 5. exd5 Nb8 6. Bc4 
Ng6 7. Qe2+ Qe7 8. Bg5 P@f6 9. Bd2 a6 10. a4 Ne5 11. Bb3 d6 
12. P@d4 Ng4 13. Qxe7+ Bxe7 14. h3 Nxf2 15. Kxf2 h5 16. Nf3 h4 17. Rae1 
Q@g3+ 18. Kf1 P@f2 19. Re2 Qxf3 20. gxf3 N@g3+ 21. Kxf2 Nxh1+ 22. Kg1 Ng3 
23. Rh2 Nd7 24. P@f2 Nf5 25. Ne2 Nf8 26. Rg2 Ng6 27. N@f4 Nxf4 28. Bxf4 
R@e1+ 29. Q@f1 Rxf1+ 30. Kxf1 Q@h1+ 31. N@g1 Nxd4 32. Nxd4 Bxh3 33. R@h2 Bxg2+ 
34. Rxg2 R@e1+ 35. Kxe1 Qxg2 36. Q@e2 Qxg1+ 37. R@f1 N@g2+ 38. Kd2 N@b1+ 39. Kc1 
Qxf1+ 40. Qxf1 
{LSS forfeits on time} 1-0

[Event "fics rated crazyhouse match"]
[Site "fics, Oklahoma City, OK USA"]
[Date "2000.01.14"]
[White "LSS"]
[WhiteElo "2414"]
[Black "Firefly"]
[BlackElo "2485"]
[TimeControl "180+0"]
[Result "1-0"]

1. e4 e6 2. d4 Nc6 3. Nf3 Nf6 4. Bd3 d5 5. e5 Ne4 6. O-O 
Be7 7. Qe2 f5 8. exf6 Nxf6 9. Bb5 O-O 10. Bxc6 bxc6 11. Nc3 B@h5 
12. P@h6 Rf7 13. N@e5 P@e4 14. Nxf7 Kxf7 15. Ne5+ Kg8 16. Qxh5 Nxh5 17. B@f7+ 
Kh8 18. Bxh5 
{Firefly resigns} 1-0

[Event "fics rated crazyhouse match"]
[Site "fics, Oklahoma City, OK USA"]
[Date "2000.01.14"]
[White "Firefly"]
[WhiteElo "2475"]
[Black "LSS"]
[BlackElo "2424"]
[TimeControl "180+0"]
[Result "1-0"]

1. e4 e6 2. Nc3 Nf6 3. e5 Nd5 4. Nxd5 exd5 5. d4 Nc6 6. Nf3 
d6 7. Bb5 Bd7 8. Qe2 dxe5 9. Bxc6 bxc6 10. Nxe5 Qe7 11. P@h6 B@a5+ 
12. N@c3 N@e4 13. O-O Bxc3 14. Nxd7 Qxd7 15. N@e5 Bxd4 16. Nxd7 Kxd7 17. B@f5+ 
P@e6 18. Bxe4 dxe4 19. Rd1 P@d5 20. Rxd4 B@f6 21. B@b7 N@d8 22. Bxa8 Bxd4 
23. N@b8+ Kd6 24. R@d7+ Kc5 25. Na6+ Kb6 26. Rxd8 N@h3+ 27. gxh3 N@f3+ 28. Qxf3 
exf3 29. Q@b7+ Ka5 30. N@b3+ Ka4 31. N@c5+ Bfxc5 32. Naxc5+ Bxc5 33. Nxc5+ Ka5 
34. B@b4# 
{LSS checkmated} 1-0

[Event "fics rated crazyhouse match"]
[Site "fics, Oklahoma City, OK USA"]
[Date "2000.01.14"]
[White "LSS"]
[WhiteElo "2417"]
[Black "Firefly"]
[BlackElo "2482"]
[TimeControl "180+0"]
[Result "0-1"]

1. e4 e6 2. d4 Nc6 3. d5 exd5 4. exd5 Bb4+ 5. Nc3 Qe7+ 6. P@e3 
Ne5 7. Nf3 Nf6 8. Bd2 Neg4 9. Qe2 d6 10. Rd1 Bf5 11. e4 Bxc3 
12. exf5 Bxd2+ 13. Rxd2 P@e3 14. B@a4+ Kf8 15. fxe3 B@f2+ 16. Kd1 Bxe3 17. B@c3 
N@f2+ 18. Kc1 Bxd2+ 19. Bxd2 P@e3 20. Bxe3 Qxe3+ 21. B@d2 R@a1# 
{LSS checkmated} 0-1

[Event "fics rated crazyhouse match"]
[Site "fics, Oklahoma City, OK USA"]
[Date "2000.01.14"]
[White "FriBad"]
[WhiteElo "2241"]
[Black "Tecumseh"]
[BlackElo "2212"]
[TimeControl "180+0"]
[Result "0-1"]

1. e4 Nc6 2. d4 d5 3. e5 Bf5 4. Nf3 h6 5. Bb5 e6 6. O-O 
Ne7 7. Bf4 Bh7 8. Nbd2 Nf5 9. c3 Be7 10. Qa4 Qd7 11. Bxc6 bxc6 
12. N@c5 Bxc5 13. dxc5 B@b5 14. Qd1 N@d3 15. Bg3 Nxc5 16. Re1 Nd3 17. Qb3 
Nxe1 18. Rxe1 P@e2 19. N@c5 Nxg3 20. hxg3 Qe7 21. B@d7+ Kf8 22. Bxc6 Bxc6 
23. P@b7 Bxb7 24. Qxb7 R@b8 25. N@d7+ Kg8 26. Nxb8 Qxc5 27. R@e8+ B@f8 28. Qxa8 
P@h2+ 29. Nxh2 B@e7 30. Nd7 Qxf2+ 31. Kxf2 N@e4# 
{FriBad forfeits on time} 0-1

[Event "fics rated crazyhouse match"]
[Site "fics, Oklahoma City, OK USA"]
[Date "2000.01.14"]
[White "LSS"]
[WhiteElo "2410"]
[Black "Tecumseh"]
[BlackElo "2232"]
[TimeControl "180+0"]
[Result "1-0"]

1. e4 Nc6 2. d4 d5 3. e5 Bf5 4. Nc3 h6 5. Nge2 e6 6. Ng3 
Bh7 7. Bb5 Ne7 8. O-O Nf5 9. Nxf5 Bxf5 10. N@a5 Qd7 11. Nxb7 Rb8 
12. Bxc6 Qxc6 13. Na5 Qa6 14. N@c6 Rb6 15. P@b7 N@d7 16. a3 Rxc6 17. Nxc6 
Qxc6 18. R@c8+ B@d8 19. b8=R Be7 20. Rxd8+ Bxd8 21. Rxd8+ Kxd8 22. B@b5 N@h4 
23. Bxc6 N@h3+ 24. gxh3 P@g2 25. N@b7+ Ke7 26. B@b4+ R@d6 27. Re1 Bxc2 28. exd6+ 
cxd6 29. Bxd6+ Kf6 30. P@e5+ Kg6 31. Q@h5+ Kh7 32. Qxc2+ P@g6 33. Qxh4 P@f6 
34. Bxd7 Rc8 35. Qg3 Rxc3 36. bxc3 N@f5 37. Qxg2 Nh4 38. N@f8+ Kg8 39. P@h7# 
{Tecumseh resigns} 1-0

[Event "fics rated crazyhouse match"]
[Site "fics, Oklahoma City, OK USA"]
[Date "2000.01.14"]
[White "Tecumseh"]
[WhiteElo "2222"]
[Black "LSS"]
[BlackElo "2414"]
[TimeControl "180+0"]
[Result "0-1"]

1. e4 e6 2. d4 Nc6 3. Nf3 Nf6 4. e5 Nd5 5. Nc3 Bb4 6. Bd2 
Bxc3 7. bxc3 N@e4 8. B@b2 d6 9. Bd3 Nxd2 10. Qxd2 dxe5 11. dxe5 B@f4 
12. Qe2 P@g4 13. N@h5 gxf3 14. gxf3 g6 15. Ng7+ Kf8 16. P@f6 Bxe5 17. Ba3+ 
P@d6 18. Nxe6+ fxe6 19. P@g7+ Kf7 20. gxh8=Q Qxh8 21. P@g7 Bxc3+ 22. Kf1 P@g2+ 
23. Kxg2 N@f4+ 24. Kf1 P@g2# 
{Tecumseh resigns} 0-1

[Event "fics rated crazyhouse match"]
[Site "fics, Oklahoma City, OK USA"]
[Date "2000.01.14"]
[White "LSS"]
[WhiteElo "2418"]
[Black "Tecumseh"]
[BlackElo "2213"]
[TimeControl "180+0"]
[Result "0-1"]

1. e4 Nc6 2. Nf3 Nf6 3. e5 Ne4 4. d3 Nxf2 5. Kxf2 d6 6. exd6 
exd6 7. Be2 Be7 8. Rf1 Bh4+ 9. P@g3 Bf6 10. N@e4 P@h3 11. gxh3 Bxh3 
12. P@g2 Bxg2 13. Kxg2 P@g4 14. Ne1 P@h3+ 15. Kg1 Bd4+ 16. B@e3 P@g2 17. Rf2 
Bxe3 18. Bxe3 Ne5 19. Nbc3 O-O 20. B@d4 f5 21. Nd2 g5 22. Bxe5 dxe5 
23. N@e6 Qe7 24. Nxg5 f4 25. gxf4 exf4 26. Bxf4 Rxf4 27. Rxf4 B@e3+ 28. Rf2 
Bxf2+ 29. Kxf2 B@e3+ 30. Kg3 B@f2+ 31. Kxg4 Qxg5+ 32. Kxh3 R@h4# 
{LSS checkmated} 0-1

[Event "fics rated crazyhouse match"]
[Site "fics, Oklahoma City, OK USA"]
[Date "2000.01.14"]
[White "Tecumseh"]
[WhiteElo "2238"]
[Black "LSS"]
[BlackElo "2406"]
[TimeControl "180+0"]
[Result "1-0"]

1. e4 e6 2. d4 d5 3. exd5 exd5 4. Nf3 Nf6 5. Ne5 Nbd7 6. Nc3 
Bb4 7. Bg5 h6 8. Bd2 Bxc3 9. Bxc3 Ne4 10. Nxf7 Qf6 11. Qf3 Kxf7 
12. P@g6+ Kxg6 13. B@h5+ Kh7 14. Qxf6 N@g5 15. Bg6+ Kg8 16. Q@f7+ Nxf7 17. Qxf7# 
{LSS checkmated} 1-0

[Event "fics rated crazyhouse match"]
[Site "fics, Oklahoma City, OK USA"]
[Date "2000.01.14"]
[White "LSS"]
[WhiteElo "2394"]
[Black "Ephemera"]
[BlackElo "2155"]
[TimeControl "180+0"]
[Result "1-0"]

1. e4 e5 2. Nf3 Nc6 3. Bc4 Bc5 4. O-O d6 5. d3 Nf6 6. Bxf7+ 
Kxf7 7. Ng5+ Ke7 8. Be3 Bg4 9. Qe1 Bxe3 10. fxe3 Rf8 11. Nc3 B@e6 
12. Nxe6 Bxe6 13. B@g5 B@b6 14. Nd5+ Bxd5 15. exd5 Na5 16. Rxf6 gxf6 17. N@f5+ 
Kd7 18. B@e6+ Ke8 19. P@f7+ Rxf7 20. Bxf7+ Kxf7 21. B@e6+ Kf8 22. R@g8# 
{Ephemera checkmated} 1-0

[Event "fics rated crazyhouse match"]
[Site "fics, Oklahoma City, OK USA"]
[Date "2000.01.14"]
[White "Ephemera"]
[WhiteElo "2143"]
[Black "LSS"]
[BlackElo "2397"]
[TimeControl "180+0"]
[Result "1-0"]

1. e4 e6 2. Nf3 d5 3. e5 c5 4. b4 cxb4 5. a3 Nc6 6. d4 
bxa3 7. Bxa3 Bxa3 8. Nxa3 B@c3+ 9. B@d2 Bxd4 10. Bb5 Bxa1 11. Bxc6+ bxc6 
12. N@d6+ Kf8 13. Qxa1 B@c5 14. Ng5 Bxd6 15. exd6 Qxd6 16. B@e5 R@e2+ 17. Kxe2 
Ba6+ 18. P@d3 Qd7 19. Bxg7+ Ke7 20. B@f6+ Nxf6 21. Qxf6+ Ke8 22. Bxh8 B@h5+ 
23. f3 N@f5 24. R@g8# 
{LSS checkmated} 1-0

[Event "fics rated crazyhouse match"]
[Site "fics, Oklahoma City, OK USA"]
[Date "2000.01.14"]
[White "LSS"]
[WhiteElo "2384"]
[Black "Ephemera"]
[BlackElo "2190"]
[TimeControl "180+0"]
[Result "1-0"]

1. e4 e6 2. d4 d5 3. exd5 exd5 4. Bb5+ Bd7 5. Qe2+ Be7 6. Nc3 
Nf6 7. Bxd7+ Qxd7 8. P@e5 Ne4 9. B@h3 P@e6 10. Nxe4 dxe4 11. N@h5 Bf8 
12. Qxe4 B@d5 13. Qe2 Nc6 14. Be3 Nb4 15. a3 Nc6 16. P@f6 g6 17. Ng7+ 
Kd8 18. Nf3 h6 19. Rd1 Kc8 20. O-O a6 21. c4 Bxf3 22. Qxf3 N@g5 
23. Bxg5 hxg5 24. d5 Nxe5 25. Qe2 B@a4 26. dxe6 N@f4 27. exd7# 
{Ephemera resigns} 1-0

[Event "fics rated crazyhouse match"]
[Site "fics, Oklahoma City, OK USA"]
[Date "2000.01.14"]
[White "Ephemera"]
[WhiteElo "2177"]
[Black "LSS"]
[BlackElo "2388"]
[TimeControl "180+0"]
[Result "1-0"]

1. e4 e6 2. d4 Nc6 3. Nf3 Nf6 4. Bd3 d5 5. Nc3 Bb4 6. e5 
Ne4 7. Bd2 Nxd2 8. Qxd2 Bxc3 9. bxc3 N@e4 10. Bxe4 dxe4 11. Ng5 B@h6 
12. h4 B@b2 13. Rb1 Bxg5 14. hxg5 Bxc3 15. Qxc3 Qxg5 16. N@g3 N@d5 17. Qc4 
e3 18. B@h4 exf2+ 19. Kxf2 Qe3+ 20. Kf1 Qf4+ 21. Ke2 Qe3+ 22. Kd1 Nc3+ 
23. Qxc3 Qxc3 24. B@d2 Qxd4 25. B@c3 Qg4+ 26. P@f3 Qg6 27. N@f4 P@f2 28. Nxg6 
hxg6 29. N@b5 Q@g1+ 30. Ke2 N@d4+ 31. Bxd4 Nxd4+ 32. Nxd4 B@c4+ 33. N@d3 Bxd3+ 
34. cxd3 f1=Q+ 35. Rxf1 Qxg2+ 36. Rf2 Qxf2+ 37. Kxf2 P@e3+ 38. Bxe3 R@g2+ 39. Kxg2 
N@f4+ 40. Bxf4 g5 41. Bhxg5 P@h3+ 42. Rxh3 Kd7 43. Q@e7# 
{LSS checkmated} 1-0

[Event "fics rated crazyhouse match"]
[Site "fics, Oklahoma City, OK USA"]
[Date "2000.01.14"]
[White "LSS"]
[WhiteElo "2376"]
[Black "Ephemera"]
[BlackElo "2217"]
[TimeControl "180+0"]
[Result "0-1"]

1. e4 e5 2. Bc4 Nc6 3. Nf3 Bc5 4. O-O Nf6 5. Nc3 d6 6. a3 
O-O 7. d3 Bg4 8. h3 Bh5 9. Bg5 Nd4 10. g4 Bg6 11. Nxd4 Bxd4 
12. Nd5 N@d7 13. Bxf6 Nxf6 14. N@e7+ Kh8 15. Nxf6 Qxe7 16. Nd5 Qh4 17. Kg2 
N@g5 18. N@g1 Nxe4 19. dxe4 Bxe4+ 20. N@f3 f5 21. N@g3 fxg4 22. hxg4 Bxd5 
23. Bxd5 N@f4# 
{LSS checkmated} 0-1

[Event "fics rated crazyhouse match"]
[Site "fics, Oklahoma City, OK USA"]
[Date "2000.01.14"]
[White "Ephemera"]
[WhiteElo "2252"]
[Black "LSS"]
[BlackElo "2365"]
[TimeControl "180+0"]
[Result "1-0"]

1. e4 e6 2. d4 d5 3. Nc3 Bb4 4. e5 Nc6 5. Nf3 Nge7 6. Bd3 
Ng6 7. O-O Bxc3 8. bxc3 N@e4 9. Bxe4 dxe4 10. Ng5 B@d5 11. Qh5 b5 
12. B@c5 Bb7 13. N@f4 Kd7 14. Nxf7 Nxf4 15. Nxd8 N@e2+ 16. Kh1 Raxd8 17. Qf7+ 
Kc8 18. Bxf4 Nxf4 19. Qxf4 B@f3 20. P@d6 Bxg2+ 21. Kxg2 P@f3+ 22. Kh3 Rdf8 
23. d7+ Kxd7 24. Bxf8 Rxf8 25. Qxf8 B@g2+ 26. Kg3 N@e2+ 27. Kh4 P@g5+ 28. Kxg5 
h6+ 29. Kh5 g6+ 30. Kxh6 Nxe5 31. Q@e8# 
{LSS checkmated} 1-0

[Event "fics rated crazyhouse match"]
[Site "fics, Oklahoma City, OK USA"]
[Date "2000.01.14"]
[White "LSS"]
[WhiteElo "2355"]
[Black "Ephemera"]
[BlackElo "2282"]
[TimeControl "180+0"]
[Result "1-0"]

1. Nf3 d5 2. d4 Nf6 3. Nc3 Bf5 4. Bf4 e6 5. e3 Bd6 6. Be2 
O-O 7. O-O Bxf4 8. exf4 B@e4 9. Rc1 Bxf3 10. Bxf3 Be4 11. B@g5 Bxf3 
12. Qxf3 B@e7 13. Bxf6 Bxf6 14. B@e5 N@d2 15. Qe2 Nxf1 16. Rxf1 B@c4 17. B@d3 
Bxd3 18. cxd3 Nd7 19. N@h5 B@g6 20. Bxf6 Bxh5 21. Bxd8 Bxe2 22. B@f6 N@h3+ 
23. gxh3 R@g6+ 24. B@g3 Nxf6 25. N@e7+ Kh8 26. Nxg6+ fxg6 27. Bxf6 N@f3+ 28. Kh1 
Bxf1 29. Bxg7+ Kxg7 30. Q@e7+ R@f7 31. P@h6# 
{Ephemera forfeits on time} 1-0

[Event "fics rated crazyhouse match"]
[Site "fics, Oklahoma City, OK USA"]
[Date "2000.01.14"]
[White "Ephemera"]
[WhiteElo "2265"]
[Black "LSS"]
[BlackElo "2361"]
[TimeControl "180+0"]
[Result "0-1"]

1. e4 e6 2. d4 d5 3. e5 c5 4. c3 Nc6 5. Nf3 Bd7 6. dxc5 
Bxc5 7. P@d4 Bf8 8. Be2 Nge7 9. O-O Ng6 10. b4 Rc8 11. a4 Be7 
12. a5 O-O 13. a6 b6 14. b5 Nb8 15. Ba3 Bxa3 16. Nxa3 f6 17. B@b4 
f5 18. Bxf8 Qxf8 19. c4 B@e4 20. cxd5 Bxd5 21. P@c6 Nxc6 22. bxc6 B7xc6 
23. N@d6 Rd8 24. Nac4 P@g4 25. R@f7 gxf3 26. Bxf3 Bxf3 27. Rxf8+ Rxf8 28. Qxf3 
Bxf3 29. B@h3 Nf4 30. P@f7+ Rxf7 31. Q@e8+ R@f8 32. Qxf7+ Rxf7 33. R@e8+ B@f8 
{Ephemera forfeits on time} 0-1

[Event "fics rated crazyhouse match"]
[Site "fics, Oklahoma City, OK USA"]
[Date "2000.01.14"]
[White "LSS"]
[WhiteElo "2367"]
[Black "Ephemera"]
[BlackElo "2250"]
[TimeControl "180+0"]
[Result "1-0"]

1. e4 c5 2. Nf3 Nc6 3. Bb5 Nd4 4. Nxd4 cxd4 5. O-O e6 6. d3 
a6 7. Ba4 b5 8. Bb3 Bb7 9. Bf4 d6 10. Nd2 Nf6 11. Nf3 Be7 
12. Nxd4 e5 13. Bxf7+ Kxf7 14. N@g5+ Ke8 15. P@c6 exd4 16. P@f7+ Kf8 17. Ne6+ 
Kxf7 18. Nxd8+ Raxd8 19. cxb7 B@e5 20. Bxe5 dxe5 21. B@b3+ P@c4 22. dxc4 B@a4 
23. B@d5+ Nxd5 24. cxd5 Rhf8 25. Q@e6+ Ke8 26. N@c7# 
{Ephemera checkmated} 1-0

[Event "fics rated crazyhouse match"]
[Site "fics, Oklahoma City, OK USA"]
[Date "2000.01.14"]
[White "Ephemera"]
[WhiteElo "2237"]
[Black "LSS"]
[BlackElo "2372"]
[TimeControl "180+0"]
[Result "1-0"]

1. d4 Nf6 2. Nf3 d5 3. Bg5 Nc6 4. Nbd2 h6 5. Bxf6 exf6 6. e3 
Bd6 7. Bd3 O-O 8. h3 Nb4 9. O-O c6 10. Re1 Be6 11. Bf1 Rc8 
12. a3 Na6 13. Bxa6 bxa6 14. b4 Bb8 15. N@f4 B@f5 16. Nf1 B@e4 17. Ng3 
Bxc2 18. Qd2 Bce4 19. Nh4 Bxf4 20. exf4 Bxh3 21. gxh3 P@g5 22. Nxe4 gxh4 
23. B@g2 dxe4 24. Bxe4 Bxh3 25. f5 P@g3 26. N@f4 gxf2+ 27. Qxf2 P@g3 28. Qf3 
Qxd4+ 29. B@e3 P@h2+ 30. Kh1 N@f2+ 31. Bxf2 gxf2 32. Red1 Qxa1 33. Rxa1 R@e1+ 
34. Kxh2 Rxa1 35. N@e7+ Kh8 36. Nfg6+ fxg6 37. Nxg6+ Kh7 38. Nxf8+ Kg8 39. P@h7+ 
Kxf8 40. h8=Q+ B@g8 41. B@c5+ P@e7 42. Bxe7+ Kxe7 43. Qxg7+ B@f7 44. R@e6+ Kd8 
45. Qd3+ Kc7 {-1} 46. Qd6+ Kb6 {-2} 47. Bxc6 
{LSS forfeits on time} 1-0

[Event "fics rated crazyhouse match"]
[Site "fics, Oklahoma City, OK USA"]
[Date "2000.01.14"]
[White "LSS"]
[WhiteElo "2361"]
[Black "Ephemera"]
[BlackElo "2262"]
[TimeControl "180+0"]
[Result "1-0"]

1. e4 Nf6 2. e5 Nd5 3. Nc3 Nxc3 4. dxc3 d6 5. Nf3 Nc6 6. exd6 
cxd6 7. Bb5 g6 8. P@d5 a6 9. Bxc6+ bxc6 10. dxc6 Bg7 11. P@d7+ Bxd7 
12. cxd7+ Qxd7 13. B@d5 B@b7 14. Bxb7 Qxb7 15. B@d5 B@c6 16. Bxc6+ Qxc6 17. B@d5 
Qc8 18. Bxa8 Qxa8 19. N@c7+ Kd7 20. Nxa8 Rxa8 21. N@b6# 
{Ephemera resigns} 1-0

[Event "fics rated crazyhouse match"]
[Site "fics, Oklahoma City, OK USA"]
[Date "2000.01.14"]
[White "Ephemera"]
[WhiteElo "2249"]
[Black "LSS"]
[BlackElo "2367"]
[TimeControl "180+0"]
[Result "0-1"]

1. Nf3 e6 2. e4 Nc6 3. d4 b6 4. Nc3 Nf6 5. Bd3 Bb7 6. O-O 
Ne7 7. Re1 Ng6 8. d5 Be7 9. dxe6 fxe6 10. P@e5 Ng4 11. h3 N4xe5 
12. Nxe5 Nxe5 13. Qh5+ N@f7 14. Bf4 P@g6 15. Qe2 Nxd3 16. Qxd3 O-O 17. Rad1 
d6 18. Qc4 B@d7 19. Nb5 P@c6 20. Nd4 e5 21. N@e6 exd4 22. Nxd8 Raxd8 
23. Rxd4 c5 24. Rdd1 N@a5 25. Qf1 N@e5 26. N@d5 Bxd5 27. exd5 Bxh3 28. gxh3 
N@f3+ 29. Kh1 Nxe1 30. Rxe1 P@f3 31. P@g2 fxg2+ 32. Qxg2 P@f3 33. Qg3 R@g2 
34. Qxf3 Nxf3 35. Kxg2 Nxe1+ 36. Kf1 R@g1+ 37. Kxg1 Q@g2# 
{Ephemera checkmated} 0-1